 Dungeon Crawl Stone Soup version 0.28.0-53-g5a82cb258f (webtiles) character file.

Game seed: 12732017686788199227

8533 jjjjhere the Grappler (level 11, -3/99 HPs)
             Began as a Ghoul Fighter on Sept 3, 2022.
             Was a High Priest of Wu Jian.
             Slain by a komodo dragon (23 damage)
             ... on level 8 of the Dungeon.
             The game lasted 00:15:10 (8311 turns).

jjjjhere the Grappler (Ghoul Fighter)               Turns: 8311, Time: 00:15:11

Health: -3/99      AC: 15    Str: 23    XL:     11   Next: 32%
Magic:  10/10      EV:  7    Int:  5    God:    Wu Jian [*****.]
Gold:   379        SH:  4    Dex:  8    Spells: 10/10 levels left

rFire   . . .      SeeInvis .     - Unarmed
rCold   + . .      Faith    .   b - +0 buckler
rNeg    + + +      Spirit   .   x - +0 plate armour
rPois   ∞          Reflect  .   q - +2 hat
rElec   .          Harm     .   p - +0 cloak
rCorr   .          Rampage  .   (no gloves)
Will    .....                   (no boots)
Stlth   ..........              o - amulet of regeneration
HPRegen 0.00/turn               (no ring)
MPRegen 0.12/turn               (no ring)

@: inhibited regen
A: claws 1, cold resistance 1, negative energy resistance 3, inhibited
regeneration, torment resistance 2
a: Renounce Religion, Wall Jump, Serpent's Lash, Heavenly Storm


You were on level 8 of the Dungeon.
You worshipped Wu Jian.
Wu Jian was extremely pleased with you.
You visited 3 branches of the dungeon, and saw 10 of its levels.

You collected 379 gold pieces.

Inventory:

Missiles
 h - 3 boomerangs (quivered)
Armour
 a - a +0 scale mail
 b - a +0 buckler (worn)
 p - a +0 cloak (worn)
 q - a +2 hat (worn)
 x - a +0 plate armour (worn)
Jewellery
 o - an amulet of regeneration (around neck)
 z - the ring "Ekuajan" {Ice rElec rN+ Str+2}
   (You found it on level 7 of the Dungeon)

   [ring of ice]

   It enhances your ice magic.
   Str:       It affects your strength (+2).
   rF:        It makes you vulnerable to fire.
   rC:        It protects you from cold.
   rElec:     It insulates you from electricity.
   rN:        It protects you from negative energy.
Wands
 d - a wand of mindburst (7)
 i - a wand of polymorph (5)
 u - a wand of acid (10)
 v - a wand of paralysis (1)
 y - a wand of iceblast (15)
Scrolls
 e - a scroll of fear
 m - 2 scrolls of teleportation
 t - 3 scrolls of amnesia {unknown}
 w - a scroll of silence
 A - a scroll of acquirement {unknown}
 B - a scroll of magic mapping
Potions
 c - a potion of might
 f - 6 potions of curing {unknown}
 g - a potion of heal wounds {unknown}
 j - a potion of flight {unknown}
 k - a potion of mutation {unknown}
 l - a potion of attraction {unknown}
 n - 4 potions of haste
 r - a potion of cancellation {unknown}
 s - a potion of magic {unknown}


   Skills:
 + Level 9.9 Fighting
 + Level 5.7 Armour
 - Level 3.9 Dodging
 - Level 3.0 Shields
 - Level 14.0 Unarmed Combat
 + Level 2.6 Evocations


You had 10 spell levels left.
You didn't know any spells.
Your spell library contained the following spells:

 Spells                   Type           Power      Damage    Failure   Level
 Foxfire                  Conj/Fire      0%         2x1d4     100%        1
 Ensorcelled Hibernation  Hex/Ice        0%         N/A       100%        2
 Passwall                 Tmut/Erth      0%         N/A       100%        2
 Conjure Flame            Conj/Fire      0%         6-21      100%        3
 Inner Flame              Hex/Fire       0%         N/A       100%        3
 Swiftness                Air            0%         N/A       100%        3
 Tukima's Dance           Hex            0%         N/A       100%        3
 Anguish                  Hex/Necr       0%         N/A       100%        4
 Flame Wave               Conj/Fire      0%         2d4       100%        4
 Leda's Liquefaction      Hex/Erth       0%         N/A       100%        4
 Lee's Rapid Deconstruct  Erth           0%         3d5*      100%        5
 Enfeeble                 Hex            0%         N/A       100%        7
 Statue Form              Tmut/Erth      Unusable   N/A       N/A         6

Dungeon Overview and Level Annotations

Branches:
Dungeon (8/15)             Temple (1/1) D:5            Lair (1/6) D:8

Altars:
Ashenzari
Cheibriados
Dithmenos
Elyvilon
Fedhas
Gozag
Hepliaklqana
Kikubaaqudgha
Makhleb
Nemelex Xobeh
Okawaru
Qazlal
Ru
Sif Muna
Trog
Uskayaw
Vehumet
Wu Jian
Xom
Yredelemnul
Zin
The Shining One


Innate Abilities, Weirdness & Mutations

You thrive by killing the living.
You are immune to poison.
You have sharp fingernails.
Your flesh is cold resistant. (rC+)
You are immune to negative energy. (rN+++)
You do not regenerate when monsters are visible.
You are immune to unholy pain and torment.


Message History

You kill the cane toad!
The Council accepts your kill. The water moccasin bites you.
* * * LOW HITPOINT WARNING * * *
You claw the water moccasin!
The water moccasin is severely wounded.
The water moccasin bites you but does no damage.
You mangle the water moccasin!!
You kill the water moccasin!
The Council accepts your kill.
You see here a water moccasin corpse.
You start resting.
HP restored.
There is a staircase to the Lair here.
You climb downwards.
Welcome back to the Lair of Beasts!
The komodo dragon closely misses you. The komodo dragon barely misses you.
The komodo dragon bites you!
There is a staircase back to the Dungeon here.
Unknown command.
The komodo dragon barely misses you. The komodo dragon bites you!!
You climb upwards.
Welcome back to the Dungeon!
There is a staircase to the Lair here.
You scratch the komodo dragon but do no damage.
The komodo dragon bites you! The komodo dragon bites you.
You mangle the komodo dragon!!
The komodo dragon is severely wounded.
The komodo dragon bites you!!
You scratch the komodo dragon.
The komodo dragon is severely wounded.
The komodo dragon bites you!
* * * LOW HITPOINT WARNING * * *
The komodo dragon barely misses you.
You claw the komodo dragon!
The komodo dragon is almost dead.
The komodo dragon bites you but does no damage.
You closely miss the komodo dragon.
The komodo dragon is almost dead.
The komodo dragon bites you!!
You die...

#.##..≈...............#♣.♣.♣#
#......≈≈....≈.≈..≈...#.♣.♣.#
####...≈≈.≈.≈≈.≈..≈...#♣.♣.♣#
#....≈≈≈≈≈.≈≈≈≈)...#.♣.♣.#
###....≈≈≈≈≈≈≈≈≈...#.#♣.♣.♣#
#...≈≈≈≈≈≈≈≈≈≈≈≈.....#♣♣.♣♣♣
#.##≈≈≈≈≈.≈.≈.≈≈≈≈.#..[.....
###.##≈≈≈≈≈≈....≈≈≈..#.#♣♣÷♣♣♣
#.....≈≈≈≈≈≈.@.≈.≈≈≈.#.#♣.♣)♣#
#.#.#.≈≈≈≈≈.l†l..≈≈..#.#.♣.♣.#
#.#.#.≈≈≈≈≈≈....≈≈≈..#)#♣.♣[♣#
#...#..≈≈≈≈.≈...≈≈≈..#[#.♣.♣.#
#.###...≈≈≈...≈≈≈≈...#[#♣.♣.♣#
#.###...≈≈≈≈≈.≈≈≈≈...#.#.♣.♣.#
##....#.≈..≈≈≈.≈≈≈≈≈..#.#######
#....##...≈≈≈≈.≈≈≈≈≈..#.##.....
##.##.#..≈≈≈≈≈.≈.≈≈≈..#.(..#...


You could see 2 komodo dragons.

Vanquished Creatures
  Gastronok (D:8)
  Pikel (D:6)
  A manticore (D:8)
  A cyclops (D:8)
  A cane toad (D:8)
  3 trolls
  Prince Ribbit (D:8)
  Sigmund (D:5)
  4 yaks (Lair:1)
  A vampire mosquito (D:8)
  Menkaure (D:5)
  3 water moccasins
  4 orc warriors
  3 ice beasts
  A black bear (D:5)
  2 necrophages
  2 wolves (D:8)
  2 centaurs
  4 ogres
  3 phantoms
  A kobold brigand (D:8)
  4 lemures
  4 bullfrogs
  A gnoll sergeant (D:7)
  A scorpion (D:6)
  A wyvern skeleton (D:5)
  A water moccasin skeleton (D:4)
  A wight (D:8)
  5 killer bees
  2 electric eels (D:8)
  7 howler monkeys
  A bullfrog zombie (D:5)
  A centaur zombie (D:8)
  A jelly (D:5)
  2 bullfrog skeletons
  5 orc priests
  11 hounds
  Jessica (D:3)
  3 iguanas
  Terence (D:3)
  3 orc wizards
  A hound zombie (D:5)
  2 howler monkey zombies
  6 gnolls
  A howler monkey skeleton (D:7)
  7 adders
  3 white imps
  2 ufetubi
  2 worms (D:2)
  6 dart slugs
  14 orcs
  9 endoplasms
  3 giant cockroaches
  6 goblins
  7 hobgoblins
  4 jackals (D:2)
  10 kobolds
  7 quokkas
  6 ball pythons
  5 bats
  3 frilled lizards
  3 rats
204 creatures vanquished.

Vanquished Creatures (others)
  A centaur (D:8)
  A fungus (Lair:1)
  9 plants
11 creatures vanquished.

Grand Total: 215 creatures vanquished

Notes
Turn   | Place    | Note
-------+----------+-------------------------------------------
     0 | D:1      | jjjjhere the Ghoul Fighter began the quest for the Orb.
     0 | D:1      | Reached XP level 1. HP: 19/19 MP: 0/0
   289 | D:1      | Reached XP level 2. HP: 26/26 MP: 1/1
   292 | D:1      | Reached skill level 3 in Unarmed Combat
   319 | D:1      | Found a faded altar of an unknown god.
   336 | D:1      | Prayed at the altar of an unknown god.
   336 | D:1      | Became a worshipper of the Wu Jian Council
   336 | D:1      | Reached * piety under Wu Jian
   894 | D:2      | Reached XP level 3. HP: 31/31 MP: 2/2
   985 | D:2      | Reached skill level 4 in Unarmed Combat
  1402 | D:2      | Found a sparkling altar of Nemelex Xobeh.
  1494 | D:2      | Reached ** piety under Wu Jian
  1657 | D:2      | Reached XP level 4. HP: 38/38 MP: 3/3
  1825 | D:3      | Noticed Terence
  1836 | D:3      | Killed Terence
  1837 | D:3      | Reached skill level 5 in Unarmed Combat
  2087 | D:3      | HP: 12/38 [gnoll/+0 whip (4)]
  2094 | D:3      | HP: 7/38 [gnoll/+0 club (5)]
  2100 | D:2      | Reached XP level 5. HP: 8/45 MP: 4/4
  2370 | D:3      | Noticed Jessica
  2385 | D:3      | Killed Jessica
  2386 | D:3      | Reached skill level 6 in Unarmed Combat
  2853 | D:4      | Reached XP level 6. HP: 42/51 MP: 5/5
  3005 | D:4      | Reached skill level 7 in Unarmed Combat
  3077 | D:4      | Reached skill level 8 in Unarmed Combat
  3077 | D:4      | Reached XP level 7. HP: 57/57 MP: 6/6
  3403 | D:5      | Entered Level 5 of the Dungeon
  3445 | D:5      | Reached *** piety under Wu Jian
  3517 | D:5      | Found a staircase to the Ecumenical Temple.
  3548 | D:5      | Reached skill level 9 in Unarmed Combat
  3572 | Temple   | Entered the Ecumenical Temple
  3859 | D:5      | Reached XP level 8. HP: 63/63 MP: 7/7
  3868 | D:5      | HP: 18/63 [black bear (4)]
  3871 | D:5      | Reached skill level 10 in Unarmed Combat
  4825 | D:6      | Noticed Sigmund
  4828 | D:5      | Killed Sigmund
  4829 | D:5      | Reached skill level 11 in Unarmed Combat
  4904 | D:6      | Noticed a troll
  4912 | D:6      | Killed a troll
  4913 | D:6      | Reached skill level 5 in Fighting
  4997 | D:6      | Reached XP level 9. HP: 74/74 MP: 8/8
  5182 | D:6      | Reached skill level 12 in Unarmed Combat
  5388 | D:6      | Noticed Menkaure
  5389 | D:6      | Noticed Pikel
  5448 | D:5      | Killed Menkaure
  5620 | D:6      | Killed Pikel
  5971 | D:7      | Reached skill level 13 in Unarmed Combat
  5998 | D:6      | HP: 25/78 [something/puff of flame (10)]
  6004 | D:6      | HP: 17/78 [something (1)]
  6154 | D:7      | Reached **** piety under Wu Jian
  6230 | D:7      | Reached XP level 10. HP: 64/86 MP: 9/9
  6387 | D:7      | Identified the ring "Ekuajan" {Ice rElec rN+ Str+2}
  6400 | D:7      | Found a shadowy altar of Dithmenos.
  6789 | D:8      | Reached skill level 14 in Unarmed Combat
  6804 | D:8      | Noticed Gastronok
  6814 | D:8      | Noticed a manticore
  6821 | D:8      | HP: 21/88 [manticore/volley of spikes (11)]
  6825 | D:8      | HP: 9/88 [barbs]
  6931 | D:8      | Noticed Prince Ribbit
  6997 | D:8      | Killed Prince Ribbit
  7110 | D:8      | Found a staircase to the Lair.
  7149 | D:8      | Killed a manticore
  7150 | D:8      | Reached skill level 1 in Dodging
  7203 | D:8      | Killed Gastronok
  7451 | D:8      | Noticed a cyclops
  7457 | D:8      | Reached ***** piety under Wu Jian
  7457 | D:8      | Noticed an orc knight
  7468 | D:8      | Reached XP level 11. HP: 36/97 MP: 10/10
  7471 | D:8      | HP: 27/97 [centaur/arrow (9)]
  7477 | D:8      | HP: 26/97 [orc priest/+0 short sword of speed (1)]
  7737 | D:8      | Killed a cyclops
  7738 | D:8      | Reached skill level 5 in Armour
  7738 | D:8      | Reached skill level 1 in Evocations
  8038 | Lair:1   | Entered Level 1 of the Lair of Beasts
  8217 | D:8      | HP: 32/99 [cane toad (1)]
  8309 | D:8      | HP: 20/99 [komodo dragon (16)]
  8311 | D:8      | Slain by a komodo dragon

Illustrated notes

Levels and vault maps discovered:
D:1:      dpeg_arrival_houses_and_road, layout_loops_ring,
          hellmonk_ecumenical_altar_arch_garden
D:2:      layout_basic, basic_altar, grunt_decor_junction,
          corexii_leaking_fountain
D:3:      layout_rooms, minmay_misc_feat_enclosed, item_on_display_a,
          uniq_jessica, uniq_terence
D:4:      layout_basic, kennysheep_generic_room_12
D:5:      minmay_razor_zed, layout_loops_ring, chequers_arboretum
D:6:      layout_gridville, uniq_pikel, uniq_sigmund, uniq_menkaure
D:7:      layout_rooms, marbit_many_paths
D:8:      nzn_winding_woodlands_three_and_one
          [nzn_winding_woodlands_5x15_lazy_stream,
          nzn_winding_woodlands_5x15_river_crossing,
          nzn_winding_woodlands_5x15_split_checker,
          nzn_winding_woodlands_center_pierced_h], layout_loops_cross,
          erik_lair_island, uniq_prince_ribbit1, uniq_gastronok
Temple:   kilobyte_greek_temple
Lair:1:   layout_gridlike, lemuel_fruit_tree, serial_bayou_shore_a

Skill      XL: |  1  2  3  4  5  6  7  8  9 10 11 |
---------------+----------------------------------+-----
Unarmed Combat | 3 4 5 6 8 9 11 13 14 | 14.0
Shields        | 3 |  3.0
Fighting       | 5 7 9 |  9.9
Armour         | 4 5 |  5.7
Dodging        | 3 |  3.9
Evocations     | 2 |  2.6

Action                   |  1- 3 |  4- 6 |  7- 9 | 10-12 || total
-------------------------+-------+-------+-------+-------++-------
Melee: Unarmed           |   119 |   127 |   300 |   251 ||   797
Throw: Boomerang         |       |       |     5 |       ||     5
       Throwing net      |       |       |     1 |     1 ||     2
Invok: Lunge             |    10 |    13 |    15 |    16 ||    54
       Whirlwind         |     8 |    12 |     8 |     9 ||    37
 Abil: Wall Jump         |       |       |    12 |     1 ||    13
Evoke: Wand              |       |       |     1 |     2 ||     3
  Use: Scroll            |       |       |     9 |     2 ||    11
       Potion            |       |       |       |     2 ||     2
 Stab: Paralysed         |       |       |     3 |       ||     3
       Invisible         |       |       |       |     3 ||     3
Armor: Scale mail        |    36 |    33 |   100 |     1 ||   170
       Plate armour      |       |       |       |    96 ||    96
Dodge: Dodged            |    37 |    38 |    90 |    63 ||   228
Block: Buckler           |    13 |    16 |    42 |    28 ||    99
